 Dungeon Crawl Stone Soup version 0.29-a0-982-gaed3a0c8d8 (webtiles) character file.

Game seed: 1714940018712715485

3049 freelancePsychic the Fighter (level 9, -12/83 (90) HPs)
             Began as a Naga Brigand on Aug 1, 2022.
             Was an Elder of Cheibriados.
             Mangled by a seven-headed hydra (13 damage)
             ... on level 8 of the Dungeon.
             The game lasted 00:14:22 (7940 turns).

freelancePsychic the Fighter (Naga Brigand)         Turns: 7940, Time: 00:14:23

HP:   -12/83 (90)   AC:  8    Str: 24    XL:     9   Next: 87%
MP:   13/13         EV: 13    Int: 24    God:    Cheibriados [****..]
Gold: 251           SH:  0    Dex: 24    Spells: 8/8 levels left

rFire   . . .      SeeInvis +   a - +5 dagger (elec)
rCold   . . .      Faith    .   (no shield)
rNeg    . . .      Spirit   .   E - +0 robe
rPois   +          Reflect  .   n - +1 hat
rElec   .          Harm     .   B - +2 cloak
rCorr   .          Rampage  .   (no gloves)
Will    +....                   (no barding)
Stlth   ++++......              v - amulet of the acrobat
HPRegen 0.23/turn               h - +4 ring of evasion
MPRegen 0.13/turn               (no ring)

@: about to teleport, drained, very slow
A: AC +3, large, see invisible, deformed body, poison resistance, slowness 2,
spit poison 1, naga tail 1
a: Spit Poison, Renounce Religion, Bend Time, Temporal Distortion, Slouch


You were on level 8 of the Dungeon.
You worshipped Cheibriados.
Cheibriados was greatly pleased with you.
You visited 1 branch of the dungeon, and saw 8 of its levels.

You collected 462 gold pieces.
You spent 211 gold pieces at shops.

Inventory:

Hand Weapons
 a - a +5 dagger of electrocution (weapon)
 b - the +5 dagger of Urghashurr {vorpal, rElec Int+3}
   (You found it on level 6 of the Dungeon)

   It inflicts extra damage upon your enemies.
   Int:       It affects your intelligence (+3).
   rElec:     It insulates you from electricity.
Missiles
 d - 25 poisoned darts
 e - 3 curare-tipped darts
 C - 6 atropa-tipped darts
Armour
 n - a +1 hat (worn)
 B - a +2 cloak (worn)
 E - a +0 robe (worn)
Magical Staves
 i - a staff of cold
Jewellery
 h - a +4 ring of evasion (left hand)
 v - an amulet of the acrobat (around neck)
Wands
 w - a wand of paralysis (18)
 A - a wand of polymorph (11)
Scrolls
 c - a scroll of immolation
 f - a scroll of noise
 g - a scroll of butterflies
 k - 3 scrolls of teleportation {@r4}
 p - 3 scrolls of magic mapping
 q - 3 scrolls of poison
 r - 2 scrolls of silence
 u - a scroll of amnesia
 y - a scroll of enchant armour
Potions
 j - 3 potions of heal wounds {unknown}
 l - a potion of berserk rage {unknown}
 m - 2 potions of flight {unknown}
 o - 4 potions of might {unknown}
 s - 2 potions of lignification {unknown}
 x - a potion of degeneration {unknown}
 z - a potion of attraction {unknown}
 D - 2 potions of curing {unknown}
 G - a potion of experience {unknown}


   Skills:
 * Level 8.8 Fighting
 * Level 8.8 Short Blades
 - Level 1.7 Throwing
 - Level 0.7 Dodging
 - Level 6.3 Stealth
 + Level 6.1 Invocations


You had 8 spell levels left.
You didn't know any spells.
Your spell library contained the following spells:

 Spells                   Type           Power      Damage    Failure   Level
 Slow                     Hex            0%         N/A       14%         1
 Poisonous Vapours        Pois/Air       0%         N/A       22%         2
 Confusing Touch          Hex            0%         N/A       41%         3
 Vampiric Draining        Necr           0%         2d6       41%         3
 Corpse Rot               Necr/Pois/Air  0%         N/A       82%         4
 Fireball                 Conj/Fire      0%         3d3       99%         5
 Iskenderun's Battlesphe  Conj           0%         2d6       99%         5
 Conjure Ball Lightning   Conj/Air       0%         3x3d6     100%        6
 Orb of Destruction       Conj           0%         9d5       100%        7


Dungeon Overview and Level Annotations

Branches:
Dungeon (8/15)             Temple (0/1) D:7
   Lair: D:8-11

Altars:
Cheibriados
Dithmenos
Okawaru
Sif Muna
Xom

Shops:
D:5 (?*=

Annotations:
D:3 exclusion: ogre
D:6 exclusion: steam dragon


Innate Abilities, Weirdness & Mutations

Your serpentine skin is tough. (AC +3)
You have supernaturally acute eyesight. (SInv)
Armour fits poorly on your strangely shaped body.
Your system is resistant to poisons. (rPois)
You cover ground very slowly.
You can spit poison.
You have a snake-like lower body.


Message History

You feel drained.
You hit the seven-headed hydra.
Lightning courses through the seven-headed hydra!
The seven-headed hydra is moderately wounded.
You completely miss the seven-headed hydra.
The seven-headed hydra is moderately wounded.
The wight hits you with a +3 halberd.
You feel drained. The seven-headed hydra misses you.
The seven-headed hydra bites you! The seven-headed hydra misses you.
The seven-headed hydra bites you but does no damage. x2
The seven-headed hydra bites you! x2
You are too injured to fight recklessly!
You are too injured to fight recklessly!
You are too injured to fight recklessly!
You are too injured to fight recklessly!
You are too injured to fight recklessly!
You are too injured to fight recklessly!
You are too injured to fight recklessly!
You are too injured to fight recklessly!
You are too injured to fight recklessly!
You are too injured to fight recklessly!
You are too injured to fight recklessly!
You are too injured to fight recklessly!
You are too injured to fight recklessly!
You are too injured to fight recklessly!
You are too injured to fight recklessly!
You are too injured to fight recklessly!
Okay, then.
Okay, then.
As you read the scroll of teleportation {@r4}, it crumbles to dust.
You feel strangely unstable. The wight hits you with a +3 halberd.
You feel drained. The seven-headed hydra bites you!
* * * LOW HITPOINT WARNING * * *
The seven-headed hydra bites you!
* * * LOW HITPOINT WARNING * * *
The seven-headed hydra bites you!
* * * LOW HITPOINT WARNING * * *
The seven-headed hydra completely misses you.
The seven-headed hydra bites you!
You die...

... ...### #...# (.....
.....!# #......
........## .......
...........##......#
....................#
...............z....##
..............@D.....#
................).......
........................
.................$......
.............)...######.
...........###...#
..........## ##..#
..........# #..#
.........### #..#


You could see a seven-headed hydra and a wight.

Vanquished Creatures
  A two-headed ogre (D:7)
  Edmund (D:5)
  2 water moccasins
  An orc warrior (D:7)
  A sky beast (D:4)
  2 ogres
  A bullfrog (D:8)
  A necrophage (D:6)
  2 kobold brigands
  3 scorpions
  7 wights (D:8)
  An electric eel (D:6)
  A howler monkey (D:6)
  3 hounds
  4 orc priests
  4 iguanas
  A jelly (D:8)
  10 orc wizards
  8 gnolls
  9 adders
  2 white imps
  An ufetubus (D:5)
  2 worms
  A dart slug (D:2)
  25 orcs
  8 ball pythons
  6 endoplasms
  3 giant cockroaches
  7 goblins
  9 hobgoblins
  6 jackals
  4 quokkas
  9 bats
  4 frilled lizards
  12 kobolds
  7 rats
169 creatures vanquished.

Notes
Turn   | Place    | Note
-------+----------+-------------------------------------------
     0 | D:1      | freelancePsychic the Naga Brigand began the quest for the
                  | Orb.
     0 | D:1      | Reached XP level 1. HP: 19/19 MP: 1/1
   234 | D:1      | Reached XP level 2. HP: 26/26 MP: 2/2
   554 | D:1      | Reached XP level 3. HP: 33/33 MP: 3/3
   720 | D:1      | Found a faded altar of an unknown god.
  1163 | D:2      | Found a snail-covered altar of Cheibriados.
  1175 | D:2      | Became a worshipper of Cheibriados the Contemplative
  1341 | D:2      | Reached XP level 4. HP: 36/42 MP: 4/4
  1703 | D:2      | Reached * piety under Cheibriados
  2154 | D:3      | Reached skill level 1 in Invocations
  2334 | D:3      | Reached XP level 5. HP: 43/49 MP: 4/6
  2575 | D:3      | Noticed an ogre
  2826 | D:3      | Reached ** piety under Cheibriados
  2892 | D:3      | Found a shimmering altar of Xom.
  3489 | D:4      | Reached XP level 6. HP: 48/57 MP: 7/7
  3719 | D:4      | Noticed a sky beast
  3732 | D:4      | Killed a sky beast
  3871 | D:4      | Reached XP level 7. HP: 41/66 MP: 7/9
  4054 | D:4      | Found a shadowy altar of Dithmenos.
  4507 | D:5      | Entered Level 5 of the Dungeon
  4518 | D:5      | Reached skill level 5 in Fighting
  4518 | D:5      | Reached skill level 5 in Short Blades
  4619 | D:5      | Found Dusajumn's General Store.
  4626 | D:5      | Identified the +1 leather armour of Death's Door {-Cast
                  | rElec rCorr}
  4628 | D:5      | Bought a scroll of enchant armour for 97 gold pieces
  4636 | D:5      | Reached *** piety under Cheibriados
  4719 | D:5      | Noticed Edmund
  4760 | D:5      | Killed Edmund
  4947 | D:5      | Reached XP level 8. HP: 71/76 MP: 10/10
  4977 | D:5      | Found Remuaj's Jewellery Shoppe.
  5157 | D:5      | Found a shimmering blue altar of Sif Muna.
  5267 | D:5      | Found Bueduost's Magic Scroll Shop.
  5272 | D:5      | Bought a scroll of enchant weapon for 90 gold pieces
  5272 | D:5      | Bought a scroll of identify for 24 gold pieces
  5363 | D:5      | Found Woogri's Weapon Shop.
  5958 | D:6      | Identified the +5 dagger of Urghashurr {vorpal, rElec
                  | Int+3}
  6016 | D:6      | Reached **** piety under Cheibriados
  6512 | D:7      | Noticed a two-headed ogre
  6523 | D:7      | Killed a two-headed ogre
  6524 | D:7      | Reached skill level 5 in Invocations
  6524 | D:7      | Reached XP level 9. HP: 88/88 MP: 11/13
  6732 | D:7      | Found a staircase to the Ecumenical Temple.
  7363 | D:8      | Identified the +6 dagger of the Grim God {protect, rC- rN+
                  | Will++}
  7376 | D:8      | Found an iron altar of Okawaru.
  7934 | D:8      | Noticed a seven-headed hydra
  7940 | D:8      | HP: 1/83 [seven-headed hydra (12)]
  7940 | D:8      | Mangled by a seven-headed hydra

Illustrated notes

Levels and vault maps discovered:
D:1:      dpeg_arrival_renting, layout_loops_ring,
          shapermc_ecumenical_altar_mp_vishouse
D:2:      layout_basic, basic_altar
D:3:      layout_basic, mainiacjoe_overflow_alcove_1, minmay_surrounded
D:4:      nicolae_cairo_tiling, layout_loops_ring,
          grunt_dithmenos_smoke_and_mirrors
D:5:      layout_rooms, lemuel_crystal_altar, serial_shops, nicolae_square_shop,
          nicolae_lakefront_shop, nicolae_shop_hallway_plus,
          nicolae_lakefront_shop, uniq_edmund
D:6:      layout_basic, serial_bayou_ford_a
D:7:      layout_basic, minmay_temple_entry_stoned_glass
D:8:      layout_layer_cave, lemuel_round_altar,
          mainiacjoe_overflow_cross_hatched

Skill      XL: |  1  2  3  4  5  6  7  8  9 |
---------------+----------------------------+-----
Stealth        | 6 |  6.3
Fighting       | 3 4 6 7 8 |  8.8
Short Blades   | 3 4 6 7 8 |  8.8
Invocations    | 1 2 3 5 6 |  6.1
Throwing       | |  1.7
Dodging        | |  0.7

Action                   |  1- 3 |  4- 6 |  7- 9 || total
-------------------------+-------+-------+-------++-------
Melee: Dagger            |    71 |   131 |   227 ||   429
       Punch             |     2 |     1 |     3 ||     6
Throw: Dart              |       |     4 |    15 ||    19
Invok: Bend Time         |       |       |     2 ||     2
 Abil: Spit Poison       |    23 |    25 |    23 ||    71
Evoke: Wand              |       |       |     2 ||     2
  Use: Scroll            |     2 |       |    14 ||    16
 Stab: Sleeping          |     8 |     3 |     9 ||    20
       Paralysed         |       |       |     2 ||     2
Armor: Robe              |    13 |    34 |    36 ||    83
Dodge: Dodged            |    29 |    61 |   115 ||   205

Table legend: (Time is in decaauts)
 A = Elapsed time spent in this place.
 B = Non-inter-level travel time spent in this place.
 C = Inter-level travel time spent in this place.
 D = Time resting spent in this place.
 E = Time spent auto-exploring this place.
 F = Levels seen in this place.
 G = Mean time per level.
                   A        B        C        D        E       F      G
               +--------+--------+--------+--------+--------+-----+--------+
         Total |  12504 |  12015 |    489 |    380 |   9946 |   8 | 1563.0 |
       Dungeon |  12504 |  12015 |    489 |    380 |   9946 |   8 | 1563.0 |
               +--------+--------+--------+--------+--------+-----+--------+

Top non-repeatable levels by time:
     D:3: 1932 daAuts
     D:6: 1825 daAuts
     D:2: 1748 daAuts
     D:4: 1627 daAuts
     D:5: 1442 daAuts
     D:7: 1430 daAuts
     D:1: 1430 daAuts
     D:8: 1068 daAuts
